 Dungeon Crawl Stone Soup version 0.30-a0-737-gf23d94013f (webtiles) character file.

Game seed: 16640501838907430771

82 hikkokomori the Sneak (level 4, -1/28 HPs)
             Began as a Kobold Brigand on Feb 2, 2023.
             Slain by an orc
             ... wielding a +0 trident
              (8 damage)
             ... on level 3 of the Dungeon.
             The game lasted 00:01:47 (1806 turns).

hikkokomori the Sneak (Kobold Brigand)              Turns: 1806, Time: 00:01:47

Health: -1/28      AC:  7    Str:  8    XL:     4   Next: 70%
Magic:  4/4        EV: 15    Int: 12    God:
Gold:   137        SH:  0    Dex: 18    Spells: 3/3 levels left

rFire   . . .      SeeInvis .    a - +2 dagger
rCold   . . .      Faith    .    (no shield)
rNeg    . . .      Spirit   .    b - +0 robe
rPois   .          Reflect  .    (no helmet)
rElec   .          Harm     .    c - +0 cloak
rCorr   +          Rampage  .    (no gloves)
Will    .....                    (no boots)
Stlth   ++++                     (no amulet)
HPRegen 0.24/turn                k - +4 ring of protection
MPRegen 0.09/turn                l - ring of resist corrosion

@: no status effects
A: small, no large weapons, nightstalker 3
a: no special abilities


You were on level 3 of the Dungeon.
You visited 1 branch of the dungeon, and saw 3 of its levels.

You collected 137 gold pieces.

Inventory:

Hand Weapons
 a - a +2 dagger (weapon)
Missiles
 d - 9 poisoned darts (quivered)
 e - 3 curare-tipped darts
Armour
 b - a +0 robe (worn)
 c - a +0 cloak (worn)
 u - a +0 pair of gloves
Jewellery
 k - a +4 ring of protection (left hand)
 l - a ring of resist corrosion (right hand)
 n - a +6 ring of intelligence
 r - a +6 ring of intelligence
Scrolls
 g - a scroll of fear {unknown}
 i - 2 scrolls of identify {unknown}
 m - 2 scrolls of noise {unknown}
 o - a scroll of teleportation {unknown}
 t - a scroll of magic mapping {unknown}
 v - a scroll of enchant armour {unknown}
Potions
 f - a potion of degeneration {unknown}
 h - 2 potions of flight {unknown}
 j - a potion of haste {unknown}
 p - a potion of curing {unknown}
 q - a potion of heal wounds {unknown}
 s - a potion of mutation {unknown}
 w - a potion of resistance {unknown}


   Skills:
 + Level 3.1 Fighting
 + Level 3.9 Short Blades
 - Level 2.2 Throwing
 - Level 2.4 Dodging
 + Level 6.0 Stealth


You had 3 spell levels left.
You didn't know any spells.
Your spell library contained the following spells:

 Spells                   Type           Power      Damage    Failure   Level
 Lesser Beckoning         Tloc           0%         N/A       45%         2
 Gell's Gravitas          Tloc           0%         N/A       69%         3
 Teleport Other           Tloc           0%         N/A       69%         3


Dungeon Overview and Level Annotations

Branches:
Dungeon (3/15)

Altars:
Qazlal

Shops:
D:3 !


Innate Abilities, Weirdness & Mutations

You are small and have problems with some larger weapons.
You are completely attuned to the shadows.


Message History

The orc is heavily wounded.
The orc hits you with a +0 hand axe.
* * * LOW HITPOINT WARNING * * *
You hit the orc.
You kill the orc!
The orc hits you but does no damage. The orc closely misses you.
You see here a +0 hand axe.
You hit the orc.
You kill the orc!
The orc hits you with a +0 trident.
* * * LOW HITPOINT WARNING * * *
The orc barely misses you.
Things that are here:
a +0 flail; an orc corpse The orc barely misses you.
You see here a +0 hand axe.
The orc attacks as you move away! The orc barely misses you.
The orc closely misses you.
Found Iteisha's Distillery.
Okay, then.
The orc completely misses you.
You hit the orc.
The orc is heavily wounded.
The orc barely misses you.
You hit the orc.
The orc is severely wounded.
The orc barely misses you.
You barely miss the orc.
The orc is severely wounded.
The orc closely misses you.
You completely miss the orc.
The orc is severely wounded.
You hit the orc.
The orc is almost dead.
The orc hits you with a +0 trident.
* * * LOW HITPOINT WARNING * * *
You barely miss the orc.
The orc is almost dead.
The orc hits you with a +0 trident!
You die...

.........## #..
##.#.......####..
#............... #
#.####..####.. .#..
#.#.........#### ∩...
#.#.........#### #..
#...............
..#.###...........####
.....@ow..........#
..#.###)..........####
.......)............#
..........####.....).#
#.#........ .........
..#...## #<......#
......... .....####
.....#


You could see a worm and an orc.

Vanquished Creatures
  2 adders (D:2)
  A worm (D:2)
  5 dart slugs
  4 orcs (D:3)
  5 ball pythons
  An endoplasm (D:3)
  3 giant cockroaches
  6 goblins
  4 hobgoblins
  A quokka (D:2)
  2 bats (D:2)
  2 frilled lizards
  5 kobolds
  7 rats
48 creatures vanquished.

Vanquished Creatures (others)
  25 plants (D:3)
25 creatures vanquished.

Grand Total: 73 creatures vanquished

Notes
Turn   | Place    | Note
-------+----------+-------------------------------------------
     0 | D:1      | hikkokomori the Kobold Brigand began the quest for the Orb.
     0 | D:1      | Reached XP level 1. HP: 12/12 MP: 1/1
    86 | D:1      | Reached XP level 2. HP: 18/18 MP: 2/2
   788 | D:2      | Reached XP level 3. HP: 21/22 MP: 3/3
  1051 | D:2      | Reached XP level 4. HP: 27/27 MP: 4/4
  1104 | D:2      | Reached skill level 6 in Stealth
  1557 | D:3      | Found a stormy altar of Qazlal.
  1799 | D:3      | Found Iteisha's Distillery.
  1806 | D:3      | Slain by an orc

Illustrated notes

Levels and vault maps discovered:
D:1:      dpeg_arrival_radiant, layout_basic, corexii_leaking_fountain
D:2:      layout_loops_ring
D:3:      layout_basic, general_overflow_altar,
          mainiacjoe_overflow_catch_the_wave, serial_shops,
          nicolae_shop_crystal, chequers_big_river, minmay_unequal

Skill      XL: |  1  2  3  4 |
---------------+-------------+-----
Short Blades   | 3 |  3.9
Dodging        | 2 |  2.4
Stealth        | 6 |  6.0
Fighting       | 3 |  3.1
Throwing       | |  2.2

Action                     |  1- 3 |  4- 6 || total
---------------------------+-------+-------++-------
  Melee: Dagger            |    47 |    56 ||   103
   Stab: Sleeping          |    18 |     8 ||    26
         Distracted        |       |     1 ||     1
 Armour: Robe              |     4 |    10 ||    14
  Dodge: Dodged            |    14 |    41 ||    55

Table legend: (Time is in decaauts)
 A = Elapsed time spent in this place.
 B = Non-inter-level travel time spent in this place.
 C = Inter-level travel time spent in this place.
 D = Time resting spent in this place.
 E = Time spent auto-exploring this place.
 F = Levels seen in this place.
 G = Mean time per level.
                   A        B        C        D        E       F      G
               +--------+--------+--------+--------+--------+-----+--------+
         Total |   1786 |   1736 |     50 |      0 |   1470 |   3 |  595.3 |
       Dungeon |   1786 |   1736 |     50 |      0 |   1470 |   3 |  595.3 |
               +--------+--------+--------+--------+--------+-----+--------+

Top non-repeatable levels by time:
     D:1: 764 daAuts
     D:2: 752 daAuts
     D:3: 270 daAuts
